 Dungeon Crawl Stone Soup version 0.25-a0-663-gace7076f2c (webtiles) character file.

Game seed: 9925328780542817139, levelgen mode: deterministic

31 MisterFreud the Chiller (level 3, 0/29 HPs)
             Began as a Merfolk Ice Elementalist on Mar 25, 2020.
             Succumbed to an adder's poison
             ... on level 3 of the Dungeon.
             The game lasted 00:02:21 (956 turns).

MisterFreud the Chiller (Merfolk Ice Elementalist)   Turns: 956, Time: 00:02:22

Health: 0/29       AC:  2    Str:  8    XL:     3   Next: 22%
Magic:  3/6        EV: 13    Int: 15    God:
Gold:   68         SH:  0    Dex: 14    Spells: 5/6 levels left

rFire    + . .     SeeInvis .   b - -1 spear
rCold    + . .     Gourm    .   (no shield)
rNeg     . . .     Faith    .   a - +0 robe
rPois    +         Spirit   .   (no helmet)
rElec    +         Reflect  .   (no cloak)
rCorr    +         Harm     .   (no gloves)
MR       .....                  (no boots)
Stlth    ++........             (no amulet)
HPRegen  0.09/turn              (no ring)
MPRegen  0.10/turn              (no ring)

@: lethally poisoned (0 -> -13), resistant, stab, very slightly contaminated,
invisible
A: change form in water, swift swim, stealthy swim
a: no special abilities


You were on level 3 of the Dungeon.
You were hungry.

You visited 1 branch of the dungeon, and saw 3 of its levels.

You collected 68 gold pieces.

Inventory:

Hand Weapons
 b - a -1 spear (weapon)
Armour
 a - a +0 robe (worn)
Scrolls
 e - 2 scrolls of remove curse
 f - 2 scrolls of teleportation
 j - a scroll of random uselessness {unknown}
 l - a scroll of fear {unknown}
 m - a scroll of identify {unknown}
Potions
 g - a potion of berserk rage {unknown}
 h - a potion of mutation {unknown}
 k - a potion of stabbing
Comestibles
 c - 2 rations
 n - 2 chunks of flesh


   Skills:
 + Level 3.1 Fighting
 - Level 2.6 Dodging
 - Level 2.1 Stealth
 - Level 2.0 Spellcasting
 - Level 4.3 Ice Magic


You had 5 spell levels left.
You knew the following spells:

 Your Spells              Type           Power        Failure   Level  Hunger
a - Freeze                Ice            ##..         3%          1    #......

Your spell library contained the following spells:

 Spells                   Type           Power        Failure   Level  Hunger
 Frozen Ramparts          Ice            ##....       11%         3    ###....
 Ozocubu's Armour         Chrm/Ice       #.......     26%         3    ###....
 Hailstorm                Conj/Ice       #.......     65%         4    #####..
 Summon Ice Beast         Ice/Summ       #.......     65%         4    #####..


Dungeon Overview and Level Annotations

Branches:
Dungeon (3/15)

Altars:

Annotations:
D:2 Terence


Message History

The adder is almost dead.
The adder seems to slow down.
* * * LOW HITPOINT WARNING * * *
You feel sick.
A giant cockroach comes into view.
The adder barely misses you.
It was a potion of stabbing.
You feel ready to backstab.
* * * LOW HITPOINT WARNING * * *
You feel sick. The adder misses you.
It was a potion of invisibility.
You fade into invisibility!
The adder bites you.
* * * LOW HITPOINT WARNING * * *
You are more poisoned.
The adder poisons you!
You are very lightly contaminated with residual magic.
It was a potion of resistance.
You feel protected.
You die...

#.#. #.#.
8. >.. .
...
#.##'##....
#.o........
##gg....K..
#o#.......
#S#.......
#@#.......
#.#.......
#.########
#.########
#..[.....#
########.#
####.####
#.......#
#.......#


You could see an adder, 2 orcs, a hobgoblin (wandering) and a goblin.

Vanquished Creatures
  2 dart slugs (D:1)
  An orc (D:3)
  3 bats
  3 giant cockroaches
  4 goblins (D:1)
  A hobgoblin (D:3)
  A frilled lizard (D:3)
  4 kobolds
  8 rats
27 creatures vanquished.

Notes
Turn   | Place    | Note
-------+----------+-------------------------------------------
     0 | D:1      | MisterFreud the Merfolk Ice Elementalist began the quest
                  | for the Orb.
     0 | D:1      | Reached XP level 1. HP: 13/13 MP: 3/3
    40 | D:1      | Reached skill level 1 in Fighting
    81 | D:1      | Reached XP level 2. HP: 9/22 MP: 0/5
   800 | D:2      | Noticed Terence
   852 | D:3      | Reached XP level 3. HP: 27/28 MP: 4/6
   955 | D:3      | HP: 1/29 [adder (3)]
   956 | D:3      | Succumbed to an adder's poison

Levels and vault maps discovered:
D:1:      lemuel_arrival_hallway, layout_basic
D:2:      layout_basic, grunt_ministairs_15, uniq_terence, uniq_natasha
D:3:      layout_basic, fedhas_altar_2, minmay_misc_feat_room

Skill      XL: |  1  2  3 |
---------------+----------+-----
Fighting       | 1 2 3 |  3.1
Dodging        | |  2.6
Stealth        | |  2.1
Spellcasting   | |  2.0
Ice Magic      | |  4.3

Action                   || total
-------------------------++-------
Melee: Spear             ||    99
 Cast: Freeze            ||    12
  Use: Scroll            ||     2
       Potion            ||     3
 Stab: Distracted        ||     1
       Sleeping          ||     1
Armor: Robe              ||    22
Dodge: Dodged            ||    66

Table legend:
 A = Non-vault XP
 B = Vault XP
 C = Vault XP percentage of total XP
 D = Non-vault monster count
 E = Vault monster count
 F = Vault count percentage of total count
                 A         B        C        D         E       F
            +---------+---------+-------+---------+---------+-------
      Total |      45 |       0 |   0.0 |      27 |       0 |   0.0
            +---------+---------+-------+---------+---------+-------
        D:1 |      31 |       0 |   0.0 |      18 |       0 |   0.0
        D:3 |      14 |       0 |   0.0 |       9 |       0 |   0.0
            +---------+---------+-------+---------+---------+-------
